 Dungeon Crawl Stone Soup version 0.21.1-1-g345015fe64 (webtiles) character file.

26772 Fascinator the Cleaver (level 13, -1/128 HPs)
             Began as a Deep Dwarf Fighter on July 10, 2018.
             Was a Priest of Makhleb.
             Slain by an eight-headed hydra (10 damage)
             ... on level 1 of the Lair of Beasts.
             The game lasted 00:48:28 (10107 turns).

Fascinator the Cleaver (Deep Dwarf Fighter)        Turns: 10107, Time: 00:48:29

Health: -1/128     AC: 12    Str: 28    XL:     13   Next: 0%
Magic:  1/1        EV: 11    Int: 10    God:    Makhleb [***...]
Gold:   788        SH: 16    Dex:  8    Spells: 12/12 levels left

rFire    . . .     SeeInvis .   F - +1 broad axe (venom)
rCold    + . .     Gourm    .   c - +0 shield
rNeg     + + +     Faith    .   J - +2 ring mail "Onwurah" {rF+ rN++ Str-2}
rPois    .         Spirit   .   H - +1 helmet
rElec    .         Reflect  +   (no cloak)
rCorr    .         Harm     .   (no gloves)
MR       ++...                  A - +0 pair of boots
Stlth    ..........             G - +4 amulet of reflection
HPRegen  0.00/turn              I - ring "Xoecenne" {Ice Str+7 Dex-5}
MPRegen  0.07/turn              w - ring of positive energy

@: lethally poisoned (-1 -> -1), non-regenerating
A: damage resistance, heal wounds, magic resistance 1, sense surroundings 2,
robust 1, no regeneration
a: Heal Wounds, Minor Destruction, Lesser Servant of Makhleb, Renounce Religion


You were on level 1 of the Lair of Beasts.
You worshipped Makhleb.
Makhleb was most pleased with you.
You were not hungry.

You visited 3 branches of the dungeon, and saw 14 of its levels.
You also visited: Sewer and Ice Cave.

You collected 956 gold pieces.
You spent 168 gold pieces at shops.

Inventory:

Hand Weapons
 F - a +1 broad axe of venom (weapon)
Armour
 c - a +0 shield (worn)
 A - a +0 pair of boots (worn)
 H - a +1 helmet (worn)
 J - the +2 ring mail "Onwurah" (worn) {rF+ rN++ Str-2}
   (You found it on level 11 of the Dungeon)

   It affects your strength (-2).
   It protects you from fire.
   It greatly protects you from negative energy.
 T - a +1 crystal plate armour of cold resistance
Magical Staves
 S - an uncursed staff of air
 U - an uncursed staff of conjuration
Jewellery
 l - an uncursed ring of protection from cold
 o - an uncursed ring of stealth
 u - an uncursed ring of positive energy
 w - a ring of positive energy (right hand)
 G - a +4 amulet of reflection (around neck)
 I - the ring "Xoecenne" (left hand) {Ice Str+7 Dex-5}
   (You found it on level 8 of the Dungeon)

   [ring of ice]

   It enhances your ice magic.
   It affects your strength (+7).
   It affects your dexterity (-5).
   It makes you vulnerable to fire.
   It protects you from cold.
 M - the amulet "Saegir" {Faith Str-3 Int+9 SInv}
   (You found it on level 8 of the Dungeon)

   [amulet of faith]

   It allows you to gain divine favour quickly.
   It affects your strength (-3).
   It affects your intelligence (+9).
   It lets you see invisible.
 Q - a +3 ring of intelligence
Wands
 p - a wand of polymorph (12)
 N - a wand of enslavement (6)
Scrolls
 h - a scroll of fog
 j - 3 scrolls of fear
 m - a scroll of immolation
 q - 8 scrolls of remove curse
 s - a scroll of amnesia
 v - 7 scrolls of teleportation
 x - a scroll of random uselessness
 y - 5 scrolls of identify
 B - 4 scrolls of blinking
 L - a scroll of noise {unknown}
Potions
 a - a potion of magic
 b - a potion of degeneration {unknown}
 d - 3 potions of might
 e - 8 potions of curing
 g - 4 potions of flight
 i - 2 potions of resistance {unknown}
 k - 4 potions of brilliance
 n - 3 potions of mutation
 r - 3 potions of agility
 t - 3 potions of haste
 P - a potion of ambrosia {unknown}
 R - a potion of invisibility {unknown}
Books
 K - a book of Frost

   Spells                             Type                      Level
   a - Freeze                         Ice                          1
   b - Throw Frost                    Conjuration/Ice              2
   c - Ozocubu's Armour               Charms/Ice                   3
   d - Throw Icicle                   Conjuration/Ice              4
   e - Summon Ice Beast               Ice/Summoning                4
 O - a book of Enchantments

   Spells                             Type                      Level
   a - Cause Fear                     Hexes                        4
   b - Yara's Violent Unravelling     Hexes/Transmutation          5
   c - Silence                        Hexes/Air                    5
   d - Deflect Missiles               Charms/Air                   6
   e - Discord                        Hexes                        8
Comestibles
 f - 20 rations


   Skills:
 + Level 8.2 Fighting
 + Level 14.0 Axes
 + Level 9.1 Armour
 + Level 3.8 Dodging
 + Level 10.5 Shields
 * Level 8.0 Invocations
 - Level 10.0 Evocations


You had 12 spell levels left.
You didn't know any spells.

Dungeon Overview and Level Annotations

Branches:
Dungeon (12/15)            Temple (1/1) D:7            Lair (1/6) D:8
    Orc (0/2) D:12

Altars:
Ashenzari
Cheibriados
Dithmenos
Elyvilon
Fedhas
Gozag
Hepliaklqana
Kikubaaqudgha
Makhleb
Nemelex Xobeh
Okawaru
Qazlal
Ru
Sif Muna
Trog
Uskayaw
Vehumet
Wu Jian
Xom
Yredelemnul
Zin
The Shining One
Jiyva
Lugonu

Shops:
D:6 [}:   D:8 =


Innate Abilities, Weirdness & Mutations

You are resistant to damage.
You can heal yourself by infusing magical energy.
You passively map the area around you.
You do not regenerate.
You are resistant to hostile enchantments. (MR+)
You are robust. (+10% HP)


Message History

You block the eight-headed hydra's attack. x2
Unknown command.
Evoke which item? (* to show all) (? for menu, Esc to quit)
Aiming: Polymorph
Press: ? - help, Shift-Dir - straight line, f/p - eight-headed hydra
Aim: an eight-headed hydra (lightly wounded, chance to defeat MR: 37%)
The eight-headed hydra resists with some effort.
You block the eight-headed hydra's attack.
The eight-headed hydra misses you.
You block the eight-headed hydra's attack. x3
The eight-headed hydra bites you but does no damage.
The eight-headed hydra closely misses you.
The eight-headed hydra barely misses you.
Evoke which item? (* to show all) (? for menu, Esc to quit)
Aiming: Polymorph
Press: ? - help, Shift-Dir - straight line, f/p - eight-headed hydra
Aim: an eight-headed hydra (lightly wounded, chance to defeat MR: 37%)
The eight-headed hydra resists with some effort.
The eight-headed hydra bites you!
You die...

,, ,
..........†...........P
..................†...P. ,
, .........#.<......†.....
,
,,..................††....
.......†..........†...P. ,
*
,........†...............
, *
,....................(.P.
,
,$.......................
,, ,,
,...$.!.@...............P
, ,
.....tD..†.............P ,
,,
.......................P ,
...................##...
,, ,
,..............#######..#
,, ....>........## #.### ,
..............P ## ,
...b........... , ,,, , ,


You could see an eight-headed hydra and a crocodile.

Vanquished Creatures
  A reaper (IceCv)
  6 two-headed ogres
  Urug (D:12)
  A deep elf knight (D:12)
  An unseen horror (D:9)
  A wizard (D:12)
  A wolf spider (Lair:1)
  2 cyclopes (D:12)
  A manticore (D:11)
  The ghost of patthesweetcat the Firebug, a novice OpFE (D:6)
  A black mamba (Lair:1)
  Joseph (D:9)
  2 ice statues (IceCv)
  3 spiny frogs (Lair:1)
  2 rime drakes (D:12)
  3 komodo dragons (Lair:1)
  An efreet (D:8)
  10 ice devils (IceCv)
  A troll (D:11)
  2 tengu conjurers (D:8)
  A hornet (Lair:1)
  Prince Ribbit (D:9)
  4 hippogriffs
  4 slime creatures (D:12)
  A wraith (D:12)
  4 yaks (D:12)
  2 wyverns
  A vampire (D:8)
  A hungry ghost (D:10)
  A steam dragon (D:12)
  Grum (D:9)
  3 wargs (D:12)
  A water moccasin (Lair:1)
  A sky beast (D:5)
  A porcupine (Lair:1)
  6 orc warriors
  2 necrophages
  5 phantoms
  An eye of draining (D:12)
  2 ice beasts
  2 wolves (D:9)
  5 ogres
  4 centaurs
  A crocodile (Lair:1)
  3 big kobolds
  9 bullfrogs
  A wyvern zombie (D:11)
  A wyvern skeleton (D:12)
  6 scorpions
  3 howler monkeys
  5 crimson imps
  A bullfrog zombie (D:12)
  3 hounds
  2 bullfrog skeletons (D:5)
  Crazy Yiuf (D:6)
  A gnoll shaman (D:10)
  3 centaur skeletons
  4 jellies
  5 orc priests
  11 orc wizards
  5 iguanas
  Ijyb (D:2)
  6 worker ants
  3 killer bee zombies
  A hound skeleton (D:5)
  A mummy (D:8)
  A howler monkey zombie (D:6)
  A worker ant zombie (D:8)
  7 gnolls
  24 adders
  7 river rats
  3 shadow imps
  9 white imps (IceCv)
  7 ufetubi (IceCv)
  8 oozes
  2 adder zombies
  An adder skeleton (D:8)
  5 worms
  A dart slug (D:1)
  7 leopard geckos
  36 orcs
  6 ball pythons
  6 bats
  7 giant cockroaches
  16 goblins
  9 hobgoblins
  16 jackals
  3 quokkas
  11 frilled lizards
  2 hobgoblin zombies (D:8)
  27 kobolds
  A kobold zombie (D:8)
  A leopard gecko skeleton (D:8)
  A leopard gecko zombie (D:5)
  An orc zombie (D:8)
  26 rats
  A plant (Lair:1)
426 creatures vanquished.

Vanquished Creatures (collateral kills)
  An orc knight (D:12)
  A komodo dragon (Lair:1)
  An adder (Lair:1)
3 creatures vanquished.

Vanquished Creatures (others)
  An unseen horror (D:11)
  A spiny frog (Lair:1)
  2 white imps (IceCv)
  3 ufetubi (IceCv)
  An orc (D:10)
  3 fungi (Lair:1)
  A plant (Lair:1)
12 creatures vanquished.

Grand Total: 441 creatures vanquished

Notes
Turn   | Place    | Note
-------+----------+-------------------------------------------
     0 | D:1      | Fascinator the Deep Dwarf Fighter began the quest for the Orb.
     0 | D:1      | Reached XP level 1. HP: 20/20 MP: 1/1
   164 | D:1      | Reached XP level 2. HP: 23/28 MP: 2/2
   607 | D:2      | Reached XP level 3. HP: 24/34 MP: 3/3
   610 | D:2      | Noticed Ijyb
   640 | D:2      | Killed Ijyb
   640 | D:2      | Reached skill level 1 in Dodging
   689 | D:2      | Reached XP level 4. HP: 28/42 MP: 4/4
   710 | D:2      | Reached skill level 3 in Axes
   725 | D:2      | Found a shadowy altar of Dithmenos.
   821 | D:2      | Noticed a phantom
   858 | D:2      | Killed a phantom
   858 | D:2      | Reached XP level 5. HP: 27/49 MP: 4/4
  1147 | D:2      | Found a shimmering altar of Xom.
  1153 | D:2      | Found an ornate altar of the Wu Jian Council.
  1158 | D:2      | Found a sparkling altar of Nemelex Xobeh.
  1197 | D:2      | Reached skill level 4 in Axes
  1676 | D:3      | Reached XP level 6. HP: 41/56 MP: 5/5
  1730 | D:3      | Found a glowing golden altar of the Shining One.
  1795 | D:3      | Found an iron altar of Okawaru.
  2247 | D:4      | Reached skill level 5 in Axes
  2350 | D:4      | Reached skill level 1 in Evocations
  2478 | D:4      | Found a deep blue altar of Sif Muna.
  2480 | D:4      | Found a shattered altar of Ashenzari.
  2586 | D:5      | Entered Level 5 of the Dungeon
  2625 | D:5      | Found an opulent altar of Gozag.
  2797 | D:5      | Reached XP level 7. HP: 33/62 MP: 6/6
  3116 | D:5      | Reached skill level 6 in Axes
  3227 | D:5      | Reached skill level 5 in Armour
  3334 | D:6      | Found Xegrabur's Gadget Shop.
  3353 | D:6      | Reached skill level 5 in Shields
  3353 | D:6      | Reached XP level 8. HP: 30/72 MP: 7/7
  3366 | D:6      | Noticed patthesweetcat's ghost (novice OpFE)
  3390 | D:6      | Killed patthesweetcat's ghost
  3390 | D:6      | Reached skill level 7 in Axes
  3398 | D:6      | Bought a wand of paralysis (10) for 168 gold pieces
  3469 | D:6      | Reached skill level 5 in Evocations
  3503 | D:6      | Found a snail-covered altar of Cheibriados.
  3547 | D:6      | Found Retirgh's Armour Emporium.
  3590 | D:6      | Found a glowing drain.
  3620 | Sewer    | Entered a sewer
  3634 | Sewer    | Reached skill level 8 in Axes
  4208 | D:6      | Gained mutation: You passively map the area around you. [Deep Dwarf growth]
  4208 | D:6      | Reached XP level 9. HP: 24/79 MP: 9/9
  4248 | D:6      | Found a runed door.
  4252 | D:6      | Noticed Crazy Yiuf
  4258 | D:6      | Killed Crazy Yiuf
  4332 | D:6      | Found a radiant altar of Vehumet.
  4442 | D:6      | Found a sparkling altar of Nemelex Xobeh.
  4519 | D:6      | Found Lifukh's Book Emporium.
  4784 | D:7      | Reached skill level 5 in Fighting
  4816 | D:7      | Found a staircase to the Ecumenical Temple.
  4873 | Temple   | Entered the Ecumenical Temple
  5075 | D:7      | Reached skill level 9 in Axes
  5401 | D:8      | Noticed a tengu conjurer
  5401 | D:8      | Noticed a tengu conjurer
  5437 | D:8      | Killed a tengu conjurer
  5451 | D:8      | Killed a tengu conjurer
  5532 | D:8      | Found a staircase to the Lair.
  5718 | D:8      | Found a transporter.
  5725 | D:8      | Found a transporter.
  5725 | D:8      | Found a transporter.
  5725 | D:8      | Found a transporter.
  5725 | D:8      | Found a transporter.
  5726 | D:8      | Found a transporter.
  5728 | D:8      | Noticed an efreet
  5778 | D:8      | Reached XP level 10. HP: 45/88 MP: 6/6
  5847 | D:8      | Got a heavily runed bronze ring
  5904 | D:8      | Got a slimy diamond amulet
  5907 | D:8      | Identified the amulet "Saegir" {Faith Str-3 Int+9 SInv} (You found it on level 8 of the Dungeon)
  5911 | D:8      | Identified the ring "Xoecenne" {Ice Str+7 Dex-5} (You found it on level 8 of the Dungeon)
  5946 | D:8      | Found a sacrificial altar of Ru.
  6249 | D:8      | Noticed a two-headed ogre
  6253 | D:8      | Noticed a two-headed ogre
  6253 | D:8      | Killed a two-headed ogre
  6253 | D:8      | Reached skill level 10 in Axes
  6258 | D:8      | Killed a two-headed ogre
  6305 | D:8      | Found Ziduva's Jewellery Shop.
  6444 | D:9      | Noticed a two-headed ogre
  6461 | D:9      | Killed a two-headed ogre
  6561 | D:9      | Found a burning altar of Makhleb.
  6602 | D:9      | Became a worshipper of Makhleb the Destroyer
  6669 | D:9      | Reached skill level 11 in Axes
  6687 | D:9      | Noticed Prince Ribbit
  6690 | D:9      | Noticed Grum
  6699 | D:9      | Killed Grum
  6703 | D:9      | Killed Prince Ribbit
  6735 | D:9      | Noticed Joseph
  6746 | D:9      | Killed Joseph
  6748 | D:9      | Reached XP level 11. HP: 45/97 MP: 7/9
  6841 | D:9      | Killed an unseen horror
  7268 | D:10     | Entered Level 10 of the Dungeon
  7487 | D:10     | Noticed a two-headed ogre
  7491 | D:10     | Killed a two-headed ogre
  7491 | D:10     | Reached skill level 1 in Invocations
  7543 | D:10     | Reached * piety under Makhleb
  7812 | D:10     | Gained mutation: Your muscles are strong. (Str +2) [potion of mutation]
  7812 | D:10     | Lost mutation: Your muscles are strong. (Str +2) [potion of mutation]
  7812 | D:10     | Gained mutation: You are resistant to hostile enchantments. (MR+) [potion of mutation]
  7812 | D:10     | Gained mutation: You are robust. (+10% HP) [potion of mutation]
  8004 | D:11     | Found a shimmering altar of Xom.
  8129 | D:11     | Got a scorched ring mail
  8133 | D:11     | Identified the +2 ring mail "Onwurah" {rF+ rN++ Str-2} (You found it on level 11 of the Dungeon)
  8247 | D:11     | Reached skill level 10 in Evocations
  8385 | D:11     | Killed an unseen horror
  8411 | D:11     | Noticed a two-headed ogre
  8428 | D:11     | HP: 1/108 [something (11)]
  8432 | D:11     | Killed a two-headed ogre
  8432 | D:11     | Reached skill level 12 in Axes
  8818 | D:12     | Found a staircase to the Orcish Mines.
  8833 | D:12     | Reached ** piety under Makhleb
  8930 | D:12     | Found a viscous altar of Jiyva.
  8991 | D:12     | Reached skill level 5 in Invocations
  8991 | D:12     | Reached XP level 12. HP: 60/116 MP: 5/5
  8996 | D:12     | Found a frozen archway.
  9007 | IceCv    | Entered an ice cave
  9126 | IceCv    | Reached *** piety under Makhleb
  9126 | IceCv    | Reached skill level 10 in Shields
  9132 | IceCv    | Reached skill level 13 in Axes
  9137 | IceCv    | Noticed a reaper
  9148 | IceCv    | Killed a reaper
  9497 | D:12     | Noticed a two-headed ogre
  9503 | D:12     | Killed a two-headed ogre
  9683 | D:12     | Noticed Urug
  9723 | D:12     | Killed Urug
  9929 | Lair:1   | Entered Level 1 of the Lair of Beasts
  9949 | Lair:1   | Paralysed by a hornet for 2 turns
 10045 | Lair:1   | Reached skill level 14 in Axes
 10079 | Lair:1   | Reached XP level 13. HP: 37/128 MP: 1/1
 10087 | Lair:1   | HP: 5/128 [porcupine (8)]
 10093 | Lair:1   | Reached **** piety under Makhleb
 10107 | Lair:1   | Slain by an eight-headed hydra

Skill      XL: |  1  2  3  4  5  6  7  8  9 10 11 12 |
---------------+-------------------------------------+-----
Fighting       | 3 4 5 6 8 |  8.2
Dodging        | 1 2 3 |  3.8
Armour         | 4 5 7 8 9 |  9.1
Axes           | 3 4 5 6 8 9 11 12 14 | 14.0
Shields        | 4 5 6 7 8 9 10 | 10.5
Evocations     | 2 3 5 7 9 10 | 10.0
Invocations    | 5 8 |  8.0

Action                   |  1- 3 |  4- 6 |  7- 9 | 10-12 | 13-15 || total
-------------------------+-------+-------+-------+-------+-------++-------
Melee: War axe           |   117 |   320 |   374 |       |       ||   811
       Broad axe         |       |       |   151 |   672 |     9 ||   832
Invok: Minor Destruction |       |       |       |     2 |     1 ||     3
       Lesser Servant of |       |       |       |     1 |       ||     1
       Major Destruction |       |       |       |       |     2 ||     2
 Abil: Heal Wounds       |       |     5 |    25 |    25 |     2 ||    57
Evoke: Wand              |       |       |     9 |    46 |     5 ||    60
       Phantom mirror    |       |       |       |     1 |       ||     1
  Use: Scroll            |       |       |       |    21 |       ||    21
       Potion            |       |       |       |     7 |       ||     7
 Stab: Confused          |       |       |     2 |       |       ||     2
       Paralysed         |       |       |     1 |    18 |       ||    19
       Distracted        |       |       |     1 |       |       ||     1
  Eat: Chunk             |       |     7 |    11 |    15 |       ||    33
Armor: Scale mail        |    61 |    49 |       |       |       ||   110
       Plate armour      |       |   114 |   340 |   147 |       ||   601
       Ring mail         |       |       |       |    92 |     2 ||    94
       Crystal plate arm |       |       |       |    56 |       ||    56
Dodge: Dodged            |    45 |    85 |   135 |   156 |    12 ||   433
Block: Shield            |    70 |   173 |   394 |   513 |    20 ||  1170
       Reflection        |       |       |       |    15 |       ||    15
